AoeStats
← vgutierrez

Arena

509179189Analyzed
4v4 RM · 7d ago on Sep 25, 2026· 57m 6s· 8 players
Game mode
Random Map
Map size
Large (8 player)
Population
200
Speed
Normal
Resources
Standard
Victory
Conquest
Starting age
Dark Age
Ending age
Imperial Age
RankedLock teamsTeams togetherTeam positionsShared explorationLock speedFull tech treeHidden civsTurbo modeCheats
Victory
Defeat
🇭🇺 Saracens · Hungary
880
+17
🇭🇺 Magyars · Hungary
877
+17
🇩🇪 Jurchens · Germany
837
+18
🇭🇺 Koreans · Hungary
818
+19
923
-19
🇺🇦 Bulgarians · Ukraine
918
-19
🇹🇷 Vikings · Türkiye
884
-17
🇺🇾 Aztecs · Uruguay
838
-34
Sadin Kopek
10:45 Feudal Age
11:12 Double-Bit Axe
17:16 Castle Age
15:12 Horse Collar
15:28 Loom
18:11 Bow Saw
20:53 Heavy Plow
22:25 Man-at-Arms
27:25 Imperial Age
24:43 Town Watch
26:29 Gold Mining
26:35 Stone Mining
27:06 Long Swordsman
27:51 Scale Mail Armor
28:03 Forging
28:46 Fletching
28:20 Two-Handed Swordsman
30:42 Two-Man Saw
30:37 Gold Shaft Mining
30:46 Crop Rotation
30:49 Bodkin Arrow
31:52 Bracer
32:06 Fortified Wall
32:44 Chain Mail Armor
32:50 Squires
32:28 Capped Ram
33:27 Padded Archer Armor
33:50 Champion
33:54 Elite Skirmisher
35:15 Leather Archer Armor
35:28 Arson
38:04 Bogsveigar
38:08 Chieftains
38:29 Conscription
38:59 Ring Archer Armor
40:05 Crossbowman
43:04 Plate Mail Armor
44:28 Ballistics
45:09 Chemistry
45:52 Iron Casting
48:40 Town Patrol
50:07 Pikeman
52:15 Blast Furnace
51:47 Caravan
53:09 Arbalester
vgutierrez
11:32 Feudal Age
12:11 Double-Bit Axe
12:23 Gold Mining
12:41 Horse Collar
14:26 Wheelbarrow
19:08 Castle Age
17:45 Stone Mining
19:35 Forging
20:25 Stone Shaft Mining
21:33 Bow Saw
22:22 Heavy Plow
23:28 Eagle Warrior
27:41 Hand Cart
28:26 Gold Shaft Mining
33:58 Imperial Age
35:08 Iron Casting
34:34 Scale Mail Armor
35:33 Elite Jaguar Warrior
39:00 Elite Eagle Warrior
40:24 Pikeman
42:38 Blast Furnace
--Now you can see *ME*--
0:29 Loom
14:18 Feudal Age
18:31 Castle Age
16:43 Double-Bit Axe
18:06 Wheelbarrow
18:03 Horse Collar
18:35 Gold Mining
20:23 Bow Saw
28:24 Heavy Plow
30:04 Hand Cart
34:44 Imperial Age
33:20 Scale Mail Armor
33:31 Forging
33:30 Stone Mining
34:51 Elite Samurai
37:10 Chemistry
36:31 Ballistics
38:09 Kataparuto
39:22 Conscription
39:59 Arrowslits
40:49 Padded Archer Armor
41:06 Chain Mail Armor
41:26 Iron Casting
47:09 Caravan
49:45 Two-Man Saw
49:58 Elite Skirmisher
Amir
0:29 Loom
11:55 Feudal Age
16:53 Castle Age
16:52 Horse Collar
18:34 Heavy Plow
21:16 Double-Bit Axe
29:25 Bow Saw
31:43 Stirrups
33:15 Wheelbarrow
35:42 Imperial Age
33:49 Wheelbarrow
33:21 Scale Barding Armor
33:28 Forging
33:25 Gold Mining
33:45 Scale Mail Armor
37:01 Hand Cart
37:09 Chain Barding Armor
38:26 Iron Casting
38:17 Conscription
38:43 Capped Ram
38:57 Elite Konnik
45:19 Heavy Cavalry Archer
48:08 Parthian Tactics
47:50 Scale Mail Armor
48:52 Blast Furnace
49:32 Plate Barding Armor
51:02 Caravan
Laszlo
12:34 Feudal Age
13:45 Double-Bit Axe
13:47 Horse Collar
18:04 Castle Age
17:07 Loom
24:23 Bow Saw
31:21 Heavy Plow
33:39 Bloodlines
33:30 Husbandry
34:21 Gold Mining
35:33 Scale Barding Armor
37:24 Gold Shaft Mining
38:02 Caravan
42:22 Imperial Age
40:31 Wheelbarrow
40:36 Forging
40:47 Chain Barding Armor
43:35 Fortified Wall
43:45 Ballistics
44:21 Conscription
45:09 Hoardings
45:38 Plate Barding Armor
45:41 Iron Casting
44:30 Elite Steppe Lancer
50:01 Blast Furnace
mdave88
2:30 Loom
12:07 Feudal Age
16:09 Castle Age
14:51 Stone Mining
15:21 Double-Bit Axe
21:37 Fletching
22:12 Horse Collar
28:23 Imperial Age
30:37 Wheelbarrow
30:19 Heavy Plow
33:48 Conscription
33:58 Elite Magyar Huszar
35:07 Bow Saw
36:02 Scale Barding Armor
38:37 Bodkin Arrow
38:45 Padded Archer Armor
39:28 Chain Barding Armor
44:35 Hand Cart
43:47 Crossbowman
44:33 Thumb Ring
45:05 Arbalester
47:33 Crop Rotation
49:15 Hoardings
49:17 Heavy Scorpion
54:03 Leather Archer Armor
53:49 Bracer
54:25 Arbalester
57:25 Two-Man Saw
56:05 Elite Skirmisher
Zoleey
4:49 Loom
11:05 Feudal Age
11:41 Horse Collar
18:58 Castle Age
19:18 Double-Bit Axe
20:49 Stone Mining
22:01 Gold Mining
23:27 Heavy Plow
26:29 Wheelbarrow
26:53 Fletching
27:56 Squires
28:02 Pikeman
34:30 Imperial Age
32:22 Murder Holes
32:48 Crossbowman
33:35 Thumb Ring
33:47 Bodkin Arrow
34:53 Bow Saw
34:55 Arson
34:37 Arbalester
35:34 Bracer
35:17 Treadmill Crane
36:19 Conscription
38:31 Eupseong
38:50 Forging
38:42 Scale Mail Armor
40:30 Two-Man Saw
41:33 Hand Cart
41:55 Ballistics
42:37 Chemistry
41:05 Elite War Wagon
41:16 Elite Skirmisher
44:53 Iron Casting
44:33 Chain Mail Armor
46:30 Caravan
48:43 Halberdier
50:54 Plate Mail Armor
50:36 Masonry
50:33 Siege Engineers
50:18 Arrowslits
Joe
10:52 Feudal Age
14:56 Castle Age
17:15 Loom
20:40 Double-Bit Axe
25:04 Horse Collar
25:44 Bow Saw
26:40 Wheelbarrow
27:18 Heavy Plow
27:51 Hand Cart
32:13 Imperial Age
31:09 Gold Mining
31:43 Scale Barding Armor
31:49 Forging
31:52 Husbandry
32:03 Bloodlines
33:44 Chain Barding Armor
34:08 Iron Casting
33:21 Elite Mameluke
34:41 Conscription
35:43 Chemistry
35:03 Ballistics
36:03 Plate Barding Armor
38:04 Siege Engineers
38:10 Masonry
38:42 Counterweights
38:43 Bimaristan
39:35 Blast Furnace
40:56 Padded Archer Armor
40:47 Fletching
42:37 Bodkin Arrow
42:58 Leather Archer Armor
50:37 Caravan
54:07 Onager
55:44 Siege Onager
56:18 Guard Tower
56:39 Fortified Wall
56:33 Bracer
57:03 Ring Archer Armor
57:38 Keep
Connection lost

Rejoining the realm…

Still unreachable

The connection could not be restored.

Session expired

The server has moved on; the page needs a fresh start.